 Dungeon Crawl Stone Soup version 0.19-a0-262-g5df7875 (webtiles) character file.

1330 wvc the Cudgeler (level 8, -1/58 HPs)
             Began as a Mummy Wanderer on May 26, 2016.
             Slain by no0bjke's ghost (15 damage)
             ... on level 6 of the Dungeon.
             The game lasted 00:13:11 (5006 turns).

wvc the Cudgeler (Mummy Wanderer)                   Turns: 5006, Time: 00:13:12

Health: -1/58      AC: 13    Str: 16    XL:     8   Next: 34%
Magic:  9/9        EV: 10    Int:  9    God:
Gold:   374        SH:  0    Dex: 15    Spells: 0 memorised, 7 levels left

rFire  x . .     SeeInvis .     m - +0 lajatang
rCold  + . .     Gourm    .     a - +2 scale mail
rNeg   + + +     Faith    .     (shield currently unavailable)
rPois  ∞         Spirit   .     p - +0 helmet
rElec  .         Dismiss  .     o - +2 cloak
rCorr  .         Reflect  .     (no gloves)
SustAt .         Harm     .     f - +0 pair of boots
MR     +....                    (no amulet)
Stlth  ..........               (no ring)
                                (no ring)

@: about to teleport, somewhat resistant to hostile enchantments, extremely
unstealthy
A: no food or potions, fire vulnerability, cold resistance 1, negative energy
resistance 3, torment resistance, unbreathing
a: no special abilities


You were on level 6 of the Dungeon.
You were not hungry.

You visited 2 branches of the dungeon, and saw 7 of its levels.
You also visited: Sewer.

You collected 374 gold pieces.

Inventory:

Hand Weapons
 b - a +0 flail
 m - a +0 lajatang (weapon)
 r - a +2 whip of electrocution
Missiles
 e - 13 bolts
 j - 8 poisoned javelins (quivered)
 k - 5 javelins
 n - 2 throwing nets
Armour
 a - a +2 scale mail (worn)
 d - the +0 cloak of Mysticism {rN+ MP+9 Str+2}
   (You found it on level 4 of the Dungeon)

   It affects your strength (+2).
   It protects you from negative energy.
   It affects your magic capacity (+9).
 f - a +0 pair of boots (worn)
 o - a +2 cloak (worn)
 p - a +0 helmet (worn)
Magical Staves
 i - an uncursed staff of poison
Scrolls
 c - a scroll of identify
 g - 2 scrolls of blinking
 l - 4 scrolls of remove curse
 q - a scroll of fear


   Skills:
 - Level 3.0 Fighting
 - Level 7.6(7.9) Maces & Flails
 + Level 2.6(5.5) Staves
 - Level 2.0 Armour
 - Level 2.2 Dodging
 - Level 1.0 Stealth
 + Level 1.5 Evocations


You had 7 spell levels left.
You didn't know any spells.

Dungeon Overview and Level Annotations

Branches:
Dungeon (6/15)             Temple (1/1) D:5

Altars:
Elyvilon
Hepliaklqana
Kikubaaqudgha
Makhleb
Pakellas
Qazlal
Sif Muna
Trog
Ukayaw
Xom

Shops:
D:6 :

Annotations:
D:6 no0bjke's ghost, novice TrMo


Innate Abilities, Weirdness & Mutations

You do not eat or drink.
Your flesh is vulnerable to fire.
You are immune to poison.
Your flesh is cold resistant. (rC+)
You are immune to negative energy. (rN+++)
You are immune to unholy pain and torment.
You can survive without breathing.


Message History

A hound comes into view.
The hound barks!
You hit no0bjke's ghost.
No0bjke's ghost is lightly damaged.
No0bjke's ghost hits you!
You hit no0bjke's ghost.
No0bjke's ghost is lightly damaged.
No0bjke's ghost hits you!
You hit no0bjke's ghost.
No0bjke's ghost is lightly damaged.
No0bjke's ghost hits you!
You hit no0bjke's ghost but do no damage.
No0bjke's ghost is lightly damaged.
No0bjke's ghost hits you.
* * * LOW HITPOINT WARNING * * *
You are too injured to fight recklessly!
Read which item? (? for menu, Esc to quit)
As you read the scroll of teleportation, it crumbles to dust.
You feel strangely unstable. No0bjke's ghost hits you!
You die...

..# # #..)## #'
#.....## ...
.......# ....
#...... .....
##....# #
......####....##.###
......hW@..........
......####....##.#
..... ##......# ....
#?...### /.. #..∩.#
#+ ##...# ##.##
#.######### #.#
##.........# #.#


You could see a hound and no0bjke's ghost.

Vanquished Creatures
  Grinder (D:4)
  The ghost of oplop the Sneak, an amateur VSAs (D:4)
  An ogre (D:4)
  2 giant frogs (Sewer)
  2 howler monkeys
  A crimson imp (D:5)
  A centaur zombie (D:5)
  2 hounds
  2 orc wizards
  An iguana (D:5)
  3 worker ants
  A killer bee zombie (D:3)
  Robin (D:2)
  11 gnolls
  16 adders
  An ooze (D:3)
  An adder skeleton (D:4)
  3 worms
  A dart slug (D:4)
  9 giant geckos
  6 orcs
  8 bats
  14 giant cockroaches
  25 goblins
  10 hobgoblins
  15 jackals
  4 quokkas
  6 ball pythons
  7 giant newts
  8 kobolds
  8 rats
172 creatures vanquished.

Notes
Turn   | Place    | Note
--------------------------------------------------------------
     0 | D:1      | wvc the Mummy Wanderer began the quest for the Orb.
     0 | D:1      | wvc set off with: a +2 scale mail, a +0 hand crossbow, 24 bolts, a +0 mace
     0 | D:1      | Reached XP level 1. HP: 18/18 MP: 2/2
   222 | D:1      | Reached XP level 2. HP: 14/24 MP: 3/3
   604 | D:2      | Reached skill level 2 in Maces & Flails
   659 | D:2      | Wingboner: Хм. Вот кстати мумией пета брать хорошо, наверное.
   673 | D:2      | wvc: это божок новый?
   673 | D:2      | Wingboner: Да.
   673 | D:2      | wvc: какие профиты?
   673 | D:2      | Wingboner: Пета даёт.
   673 | D:2      | Reached XP level 3. HP: 20/29 MP: 4/4
   674 | D:2      | wvc: петы же ни о чём
   674 | D:2      | wvc: те что с карты, по крайней мере
   770 | D:2      | Wingboner: На выбор — Cj, En, Fi.
   877 | D:2      | Wingboner: У них абилки, достаточно интересные. Можно выбрать пол и ввести имя.
   953 | D:2      | Wingboner: Тут не те петы, что с карты.
   953 | D:2      | wvc: Трикся энчантер?
   984 | D:2      | Wingboner: Да.
  1157 | D:2      | Reached XP level 4. HP: 35/35 MP: 5/5
  1229 | D:2      | Found a shimmering altar of Xom.
  1235 | D:2      | Found a shimmering altar of Xom.
  1248 | D:2      | Found a shimmering altar of Xom.
  1248 | D:2      | Found a shimmering altar of Xom.
  1248 | D:2      | Found a shimmering altar of Xom.
  1758 | D:2      | Noticed Robin
  1759 | D:2      | Wingboner: На 27м уровне у En антимагический кб.
  1760 | D:2      | Killed Robin
  1834 | D:3      | Reached skill level 3 in Maces & Flails
  1834 | D:3      | Reached XP level 5. HP: 32/41 MP: 6/6
  1954 | D:3      | Noticed an air elemental
  1956 | D:3      | Found a stormy altar of Qazlal.
  1957 | D:3      | Noticed a water elemental
  1957 | D:3      | Noticed a fire elemental
  2351 | D:3      | Reached skill level 4 in Maces & Flails
  2853 | D:3      | Found a bloodstained altar of Trog.
  2853 | D:3      | Found a deep blue altar of Sif Muna.
  2911 | D:4      | Noticed oplop's ghost (amateur VSAs)
  2924 | D:3      | Reached XP level 6. HP: 41/47 MP: 7/7
  2991 | D:4      | Reached skill level 5 in Maces & Flails
  3002 | D:4      | Got a faintly glowing cloak
  3034 | D:4      | Noticed Grinder
  3037 | D:4      | Identified the +0 cloak of Mysticism {rN+ MP+9 Str+2} (You found it on level 4 of the Dungeon)
  3153 | D:4      | Killed Grinder
  3153 | D:4      | Reached skill level 6 in Maces & Flails
  3153 | D:4      | Reached XP level 7. HP: 51/52 MP: 8/8
  3288 | D:4      | Killed oplop's ghost
  3581 | D:5      | Entered Level 5 of the Dungeon
  3609 | D:5      | Reached skill level 7 in Maces & Flails
  3687 | D:5      | Found a glowing drain.
  3712 | Sewer    | Entered a sewer
  3914 | Sewer    | Reached XP level 8. HP: 53/58 MP: 9/9
  4020 | D:5      | Found a staircase to the Ecumenical Temple.
  4056 | Temple   | Entered the Ecumenical Temple
  4412 | D:5      | Reached skill level 1 in Staves
  4967 | D:6      | Found Oqoelatann's Book Boutique.
  4996 | D:6      | Noticed no0bjke's ghost (novice TrMo)
  5006 | D:6      | Slain by no0bjke's ghost

Vault maps used:
D:1:      lightli_arrival_isolated_outpost
D:2:      kennysheep_goblin_castle, xom_redecorated
D:3:      nicolae_qazlal_style_of_elements, gammafunk_temple_overflow_statue,
          first_bread
D:4:      minmay_goblin_outpost, uniq_grinder
D:5:      minmay_temple_entry_glass, gup_sewer_entry_glass, nrook_loot_triangle
D:6:      lemuel_ratsnest, serial_shops, shop_coins, uniq_blork_the_orc,
          uniq_edmund
Temple:   hc_temple_tempest_star_small
Sewer:    sewer_frog_island_01

Skill      XL: |  1  2  3  4  5  6  7  8 |
---------------+-------------------------+-----
Maces & Flails | 2 3 4 6 7 |  7.6
Armour         | 2 |  2.0
Dodging        | 2 |  2.2
Staves         | 2 |  2.6
Fighting       | |  3.0
Stealth        | |  1.0
Evocations     | |  1.5

Action                   |  1- 3 |  4- 6 |  7- 9 || total
-------------------------+-------+-------+-------++-------
Melee: Mace              |   175 |   116 |       ||   291
       Whip              |       |   121 |   131 ||   252
       Lajatang          |       |       |    70 ||    70
Throw: Javelin           |       |    13 |       ||    13
  Use: Scroll            |     3 |     7 |     2 ||    12
Armor: Scale mail        |   143 |   140 |    79 ||   362
Dodge: Dodged            |   131 |   126 |   101 ||   358
